 Dungeon Crawl Stone Soup version 0.31.0-12-g77e489cdc1 (webtiles) character file.

Game seed: 7195208443795517264

557 karambola the Apothecary (level 7, 0/27 (42) HPs)
             Began as an Octopode Alchemist on Feb 14, 2024.
             Slain by a spectral hound (1 damage)
             ... in an ossuary.
             The game lasted 00:08:50 (2915 turns).

karambola the Apothecary (Octopode Alchemist)       Turns: 2915, Time: 00:08:51

HP:   0/27 (42)     AC:  1    Str:  7    XL:     7   Next: 30%
MP:   13/13         EV: 13    Int: 20    God:
Gold: 60            SH:  0    Dex: 12    Spells: 9/14 levels left

rFire   . . .        i - +1 dagger (drain)
rCold   . . .        (no shield)
rNeg    . . .        (helmet restricted)
rPois   .            (no amulet)
rElec   .            (no ring)
rCorr   .            (no ring)
SInv    .            (no ring)
Will    .....        (no ring)
Stlth   ++++         (no ring)
HPRegen 0.24/turn    (no ring)
MPRegen 0.13/turn    (no ring)
                     (no ring)

%: no passive effects
@: very heavily drained
A: almost no armour, amphibious, 8 rings, camouflage 1, gelatinous body 1,
(nimble swimmer 1), tentacles
a: no special abilities


You were in an ossuary.
You visited 1 branch of the dungeon, and saw 5 of its levels.
You also visited: Ossuary.

You collected 60 gold pieces.

Inventory:

Hand Weapons
 i - a +1 dagger of draining (weapon)
Magical Staves
 h - a staff of fire
Jewellery
 m - an amulet of guardian spirit
Wands
 n - a wand of mindburst (7)
Scrolls
 b - 2 scrolls of identify
 f - a scroll of acquirement {unknown}
 g - a scroll of fog {unknown}
 j - a scroll of fear {unknown}
 k - a scroll of amnesia {unknown}
 l - a scroll of teleportation
Potions
 a - a potion of magic
 c - 2 potions of brilliance
 d - a potion of might


   Skills:
 + Level 0.3 Fighting
 + Level 2.3 Dodging
 + Level 4.3 Stealth
 * Level 4.4 Spellcasting
 * Level 3.4 Conjurations
 + Level 4.8 Alchemy
 * Level 1.8 Shapeshifting


You had 9 spell levels left.
You knew the following spells:

 Your Spells              Type           Power      Damage    Failure   Level
a - Sting                 Conj/Alch      84%        1d8       2%          1
b - Olgreb's Toxic Radia  Alch           23%        N/A       17%         4

Your spell library contained the following spells:

 Spells                   Type           Power      Damage    Failure   Level
 Mercury Vapours          Alch/Air       28%        N/A       7%          2
 Apportation              Tloc           8%         N/A       12%         1
 Mephitic Cloud           Conj/Alch/Air  15%        N/A       12%         3
 Jinxbite                 Hex            8%         N/A       19%         2
 Sticky Flame             Fire/Alch      14%        2d5       41%         4
 Alistair's Intoxication  Alch           15%        N/A       43%         5


Dungeon Overview and Level Annotations

Branches:
Dungeon (6/15)            Ossuary (1/1)
 Temple: D:4-7

Altars:
Cheibriados
Elyvilon

Shops:
D:2 (=*=:


Innate Abilities, Weirdness & Mutations

You cannot wear most types of armour.
You are amphibious.
You can wear up to eight rings at the same time.
Your skin changes colour to match your surroundings (Stealth+).
Your rubbery body absorbs attacks. (AC +1, EV +1)
((You are camouflaged when in or above water. (Stealth+)))
You have tentacles for arms and can constrict up to eight enemies at once.


Message History

You hit the spectral hound.
The spectral hound is heavily damaged.
The spectral hound bites you.
You feel drained.
You hit the spectral hound.
The spectral hound is severely damaged.
The spectral hound bites you. The spectral hound closely misses you.
You barely miss the spectral hound.
The spectral hound is heavily damaged.
The spectral hound bites you but does no damage.
You hit the spectral hound but do no damage.
The spectral hound is heavily damaged.
The spectral hound closely misses you. The spectral hound barely misses you.
You hit the spectral hound.
The spectral hound is heavily damaged.
The spectral hound closely misses you.
You hit the spectral hound but do no damage.
The spectral hound is heavily damaged.
The spectral hound bites you. The spectral hound closely misses you.
You hit the spectral hound.
The spectral hound is severely damaged.
The spectral hound bites you.
You completely miss the spectral hound.
The spectral hound is severely damaged.
The spectral hound bites you.
* * * LOW HITPOINT WARNING * * *
You feel drained. The spectral hound bites you.
* * * LOW HITPOINT WARNING * * *
You feel drained.
You start putting on your amulet.
You continue putting on your amulet of guardian spirit.
The spectral hound barely misses you.
You continue putting on your amulet of guardian spirit.
The spectral hound bites you.
* * * LOW HITPOINT WARNING * * *
The spectral hound closely misses you.
You continue putting on your amulet of guardian spirit.
The spectral hound bites you.
* * * LOW HITPOINT WARNING * * *
You feel drained.
You die...

+######
+.....#
+.....#
##'''@#
##..##Z#
##.^##ZZ#
#..##..Z#
##.+#....#
#..+.....#
#.##.....#
#..+.....#
##.+#


You could see 3 spectral hounds and a spectral gnoll.

Vanquished Creatures
  A centaur (D:5)
  A phantom (D:5)
  A bullfrog (D:6)
  2 scorpions (D:5)
  2 bombardier beetles
  An iguana (D:5)
  2 spectral hounds (Ossuary)
  A mummy (Ossuary)
  3 adders (D:2)
  A spectral adder (Ossuary)
  A ribbon worm (D:2)
  3 dart slugs (D:1)
  2 orcs
  5 endoplasms
  A giant cockroach (D:2)
  A gnoll zombie (Ossuary)
  5 hobgoblins
  3 kobolds
  2 quokkas
  3 ball pythons
  3 bats
  A frilled lizard (D:2)
  4 orc zombies (Ossuary)
  6 rats
  A spectral jackal (Ossuary)
56 creatures vanquished.

Notes
Turn   | Place    | Note
-------+----------+-------------------------------------------
     0 | D:1      | karambola the Octopode Alchemist began the quest for the
                  | Orb.
     0 | D:1      | Reached XP level 1. HP: 11/11 MP: 3/3
   235 | D:1      | Reached XP level 2. HP: 14/17 MP: 0/5
   879 | D:1      | Reached XP level 3. HP: 21/21 MP: 3/6
  1043 | D:2      | Found Qyik's General Store.
  1146 | D:2      | Found Duvots's Book Shop.
  1370 | D:2      | Found Rukhuar's Jewellery Shoppe.
  1587 | D:2      | Reached XP level 4. HP: 27/27 MP: 1/7
  1817 | D:2      | Found Quikkoku's Weapon Shoppe.
  2108 | D:2      | Found Epiruolu's Jewellery Shoppe.
  2254 | D:3      | Learned a level 4 spell: Olgreb's Toxic Radiance
  2299 | D:3      | Found a snail-covered altar of Cheibriados.
  2376 | D:3      | Found a white marble altar of Elyvilon.
  2384 | D:3      | You fall into a shaft and drop 3 floors!
  2398 | D:6      | Noticed a steam dragon
  2414 | D:6      | Reached XP level 5. HP: 31/31 MP: 5/9
  2539 | D:6      | Noticed a black bear
  2588 | D:5      | Entered Level 5 of the Dungeon
  2588 | D:5      | Noticed a centaur
  2595 | D:5      | Killed a centaur
  2596 | D:5      | Reached skill level 1 in Shapeshifting
  2596 | D:5      | Reached XP level 6. HP: 11/36 MP: 5/11
  2773 | D:5      | Reached XP level 7. HP: 42/42 MP: 13/13
  2786 | D:5      | Found a sand-covered staircase.
  2792 | Ossuary  | Entered an ossuary
  2897 | Ossuary  | HP: 1/33 [spectral hound (4)]
  2915 | Ossuary  | HP: 1/28 [spectral hound (4)]
  2915 | Ossuary  | Slain by a spectral hound

Illustrated notes

Levels and vault maps discovered:
D:1:      enne_arrival_octagon_isle, layout_loops_ring
D:2:      layout_basic, serial_aquarium, aquarium_bridge_straight
          [aquarium_subvault_bridge, aquarium_subvault_window,
          aquarium_subvault_bridge, aquarium_subvault_wall], aquarium_window_3,
          aquarium_window_2, aquarium_window_1, aquarium_window_1,
          aquarium_view_2f, aquarium_view_2e, aquarium_pool_four, serial_shops,
          nicolae_book_shop_shelving, nicolae_shop_advertising_works
          [nicolae_subvault_shop_adworks], nicolae_square_shop, shop, shop
D:3:      wad_lake_hut, layout_basic, mainiacjoe_overflow_brackets,
          slow_altar_1, nicolae_wu_jian_immortal_techniques
D:5:      layout_loops_corners, minmay_temple_entry_ruins,
          nicolae_ossuary_entry_ruins
D:6:      layout_basic
Ossuary:  ossuary_zaba_two_paths

Skill      XL: |  1  2  3  4  5  6 |
---------------+-------------------+-----
Stealth        | 3 4 |  4.3
Alchemy        | 4 |  4.8
Conjurations   | 2 3 |  3.4
Spellcasting   | 3 4 |  4.4
Shapeshifting  | 1 |  1.8
Fighting       | |  0.3
Dodging        | |  2.3

Action                     |  1- 3 |  4- 6 |  7- 9 || total
---------------------------+-------+-------+-------++-------
  Melee: Unarmed           |    12 |     1 |       ||    13
         Constrict         |     4 |     1 |     5 ||    10
         Tentacles         |     3 |     2 |    12 ||    17
         Punch             |     1 |       |     2 ||     3
         Staff             |       |     2 |       ||     2
         Dagger            |       |     4 |    63 ||    67
   Cast: Sting             |    58 |    50 |       ||   108
  Evoke: Wand              |       |     2 |       ||     2
    Use: Scroll            |     3 |     1 |       ||     4
         Potion            |       |       |     2 ||     2
   Stab: Sleeping          |     1 |       |     1 ||     2
 Armour: Skin              |     7 |    18 |    44 ||    69
  Dodge: Dodged            |    16 |    22 |    40 ||    78
